 Dungeon Crawl Stone Soup version 0.30-a0-1074-g5db6f66fbb (webtiles) character file.

Game seed: 4688722613193611248

40 jimonade the Trooper (level 3, -1/37 HPs)
             Began as an Ogre Warper on Apr 14, 2023.
             Succumbed to an orc's poison
             ... on level 2 of the Dungeon.
             The game lasted 00:01:36 (1806 turns).

jimonade the Trooper (Ogre Warper)                  Turns: 1806, Time: 00:01:37

Health: -1/37      AC:  5    Str: 17    XL:     3   Next: 50%
Magic:  7/7        EV: 10    Int: 14    God:
Gold:   85         SH:  0    Dex:  8    Spells: 7/7 levels left

rFire   . . .      SeeInvis .    a - +0 mace
rCold   . . .      Faith    .    (no shield)
rNeg    . . .      Spirit   .    b - +0 robe
rPois   .          Reflect  .    (helmet restricted)
rElec   .          Rampage  .    f - +1 cloak
rCorr   .                        (gloves unavailable)
Will    .....                    (boots unavailable)
Stlth   +                        (no amulet)
HPRegen 0.26/turn                (no ring)
MPRegen 0.10/turn                (no ring)

@: lethally poisoned (-1 -> -31)
A: large, unfitting armour, tough skin 1
a: no special abilities


You were on level 2 of the Dungeon.
You visited 1 branch of the dungeon, and saw 2 of its levels.

You collected 85 gold pieces.

Inventory:

Hand Weapons
 a - a +0 mace (weapon)
Missiles
 d - 7 boomerangs of dispersal (quivered)
 m - 4 boomerangs
 o - 25 stones
Armour
 b - a +0 robe (worn)
 f - a +1 cloak (worn)
Scrolls
 c - 2 scrolls of blinking
 g - a scroll of identify {unknown}
 h - a scroll of poison {unknown}
 i - a scroll of noise {unknown}
 k - 2 scrolls of teleportation {unknown}
 p - 2 scrolls of immolation {unknown}
Potions
 e - a potion of attraction {unknown}
 j - a potion of invisibility {unknown}
 l - a potion of curing {unknown}
 n - 2 potions of lignification {unknown}


   Skills:
 + Level 3.1 Fighting
 + Level 2.3 Maces & Flails
 + Level 1.0 Throwing
 + Level 2.4 Dodging
 + Level 2.7 Spellcasting
 + Level 3.0 Translocations


You had 7 spell levels left.
You didn't know any spells.
Your spell library contained the following spells:

 Spells                   Type           Power      Damage    Failure   Level
 Blink                    Tloc           20%        N/A       10%         2
 Lesser Beckoning         Tloc           20%        N/A       10%         2
 Teleport Other           Tloc           10%        N/A       19%         3
 Vhi's Electric Charge    Tloc/Air       12%        N/A       34%         3
 Manifold Assault         Tloc           10%        N/A       52%         4


Dungeon Overview and Level Annotations

Branches:
Dungeon (2/15)

Altars:


Innate Abilities, Weirdness & Mutations

You are too large for most types of armour.
You have tough skin. (AC +1)


Message History

The kobold shouts!
The kobold barely misses you.
You hit the kobold.
You kill the kobold!
No target in view!
o - 25 stones (gained 2)
You see here a +0 dagger.
You see here a +0 dagger.
There is an escape hatch in the floor here.
p - 2 scrolls labelled GIPEDY HOMOZ (gained 1)
Found a stone staircase leading up.
An orc comes into view. It is wielding a +1 dagger of venom.
The orc shouts!
The orc hits you but does no damage.
You are poisoned.
A quokka comes into view.
You hit the orc but do no damage.
You feel very sick.
The orc hits you with a +1 dagger of venom.
You are more poisoned.
You hit the orc but do no damage.
You feel very sick.
The orc hits you with a +1 dagger of venom.
You are more poisoned.
The orc hits you but does no damage.
You are lethally poisoned!
You closely miss the orc.
You feel extremely sick. The orc barely misses you.
You are too injured to fight recklessly!
You hit the orc.
The orc is heavily wounded.
* * * LOW HITPOINT WARNING * * *
You feel extremely sick.
The orc hits you with a +1 dagger of venom.
* * * LOW HITPOINT WARNING * * *
You are more poisoned.
You hit the orc.
You kill the orc!
You die...

#.# #########
#.# #.# #.#
#.# #.# #.#
#.############
#.....@)r.....
##############


You could see a quokka.

Vanquished Creatures
  An adder (D:2)
  A worm (D:2)
  An orc (D:2)
  An endoplasm (D:1)
  2 giant cockroaches
  A goblin (D:2)
  3 hobgoblins
  6 kobolds (D:2)
  3 ball pythons
  5 bats
  2 frilled lizards (D:1)
  2 rats
28 creatures vanquished.

Notes
Turn   | Place    | Note
-------+----------+-------------------------------------------
     0 | D:1      | jimonade the Ogre Warper began the quest for the Orb.
     0 | D:1      | Reached XP level 1. HP: 22/22 MP: 3/3
   373 | D:1      | Reached XP level 2. HP: 24/29 MP: 5/5
  1087 | D:2      | Reached XP level 3. HP: 36/37 MP: 7/7
  1806 | D:2      | Succumbed to an orc's poison

Illustrated notes

Levels and vault maps discovered:
D:1:      elethiomel_arrival_quiet, layout_loops_ring
D:2:      layout_basic, minmay_three_crescents

Skill      XL: |  1  2 |
---------------+-------+-----
Maces & Flails | 2 |  2.3
Fighting       | 3 |  3.1
Translocations | 3 |  3.0
Throwing       | |  1.0
Dodging        | |  2.4
Spellcasting   | |  2.7

Action                     || total
---------------------------++-------
  Melee: Mace              ||    91
 Armour: Robe              ||    56
  Dodge: Dodged            ||    53

Table legend: (Time is in decaauts)
 A = Elapsed time spent in this place.
 B = Non-inter-level travel time spent in this place.
 C = Inter-level travel time spent in this place.
 D = Time resting spent in this place.
 E = Time spent auto-exploring this place.
 F = Levels seen in this place.
 G = Mean time per level.
                   A        B        C        D        E       F      G
               +--------+--------+--------+--------+--------+-----+--------+
         Total |   1833 |   1775 |     58 |    211 |   1266 |   2 |  916.5 |
       Dungeon |   1833 |   1775 |     58 |    211 |   1266 |   2 |  916.5 |
               +--------+--------+--------+--------+--------+-----+--------+

Top non-repeatable levels by time:
     D:2: 955 daAuts
     D:1: 877 daAuts
